Map: Dusk Towers

Players

blackxored

  • Race: Zerg Zerg
  • League: Diamond

GGoSu - Winner!

  • Race: Zerg Zerg
  • League: Platinum

VOD

Have the link to the VOD?

Description

Time

  • Played on: July 2, 2016, 1:54 a.m.
  • Length: 13:21
Show
View Real Time Build Order
Export as new Build Order

blackxored Zerg 

Build Orders: Pool First, Zergling Baneling 

Get SALT Encoding   

  12  0:01  Drone  
  13  0:08  Drone  
  14  0:17  Extractor  
  14  0:18  Drone  
  14  0:33  Spawning Pool  
  14  0:35  Drone  
  14  0:43  Overlord  
  14  0:49  Extractor  
  13  0:51  Drone  
  15  1:03  Drone x2  
  17  1:08  Drone  
  18  1:20  Queen  
  20  1:26  Overlord  
  20  1:31  Drone  
  21  1:36  Metabolic Boost  
  21  1:41  Zergling x2  
  22  1:51  Zergling x2  
  23  1:55  Baneling Nest  
  22  2:04  Zergling x2  
  23  2:14  Zergling x2  
  24  2:24  Zergling x2  
  24  2:25  Hatchery  
  24  2:32  Zergling x6  
  27  2:45  Zergling x2  
  29  2:51  Zergling x2  
  29  2:59  Zergling x2  
  29  3:03  Extractor  
  29  3:05  Zergling x2  
  30  3:08  Overlord  
  31  3:32  Baneling x6  
  31  3:37  Zergling x4  
  31  3:38  Zergling x10  
  34  3:55  Zergling x4  
  30  4:05  Zergling x4  
  32  4:12  Zergling x2  
  32  4:13  Zergling x2  
  32  4:15  Baneling  
  32  4:16  Baneling x4  
  31  4:27  Zergling x10  
  34  4:44  Zergling x6  
  34  4:59  Zergling x6  
  34  5:05  Zergling x2  
  33  5:11  Baneling  
  33  5:12  Baneling  
  30  5:22  Zergling x2  
  30  5:23  Zergling x4  
  32  5:30  Zergling x4  
  30  5:41  Drone x2  
  30  5:46  Baneling  
  30  5:47  Baneling x4  
  30  5:50  Queen  
  30  5:53  Drone  
  31  6:09  Drone x4  
  35  6:12  Drone  
  35  6:16  Evolution Chamber  
  36  6:21  Overlord  
  36  6:26  Drone, Evolution Chamber  
  36  6:29  Drone x2  
  36  6:30  Drone  
  39  6:34  Pneumatized Carapace  
  39  6:37  Drone  
  40  6:42  Drone x2  
  40  6:43  Roach Warren  
  41  6:58  Drone x4  
  45  7:02  Drone  
  45  7:03  Drone x2  
  48  7:12  Baneling  
  48  7:13  Baneling  
  48  7:21  Zergling x6  
  48  7:22  Overlord x2  
  51  7:23  Overlord  
  51  7:46  Roach x3  
  51  7:47  Overlord  
  51  7:48  Overlord  
  57  7:55  Extractor  
  57  7:56  Drone x3  
  59  8:00  Drone  
  60  8:10  Roach x3, Hatchery  
  62  8:42  Roach x6  
  73  8:59  Overlord  
  73  9:11  Zergling x6  
  73  9:12  Zergling x2  
  73  9:13  Zergling x8  
  81  9:35  Roach x2  
  81  9:36  Roach x7  
  99  9:43  Drone x2  
  99  9:44  Extractor, Drone  
  101  9:47  Extractor, Drone x3  
  100  10:17  Zerg Missile Weapons Level 1  
  100  10:18  Roach x3  
  100  10:19  Overlord x2  
  103  10:57  Lair  
  103  11:14  Roach  
  103  11:15  Overlord  
  103  11:16  Overlord  
  104  11:46  Roach x10  
  121  11:48  Ravager  
  121  11:52  Overlord x4  
  122  12:13  Baneling x5  
  122  12:19  Roach  
  122  12:20  Roach x7  
  122  12:21  Roach x5  
  122  12:22  Roach x3  
  154  12:41  Overlord  
  154  12:42  Overlord x2  
  154  12:44  Overseer x3  
  152  12:57  Roach  
  152  12:58  Roach x8  
Show
View Real Time Build Order
Export as new Build Order

GGoSu Zerg - Winner!

Build Orders: Hatch First, Lurkers 

Get SALT Encoding   

  12  0:01  Drone  
  13  0:12  Overlord  
  13  0:17  Drone  
  14  0:30  Drone x2  
  14  0:35  Drone  
  17  0:45  Drone  
  18  0:57  Drone  
  18  0:59  Extractor  
  18  1:00  Hatchery  
  17  1:06  Drone  
  18  1:15  Spawning Pool  
  18  1:17  Drone  
  18  1:28  Drone  
  19  1:40  Overlord  
  19  1:51  Drone  
  20  2:01  Queen  
  20  2:04  Zergling x2  
  23  2:12  Queen  
  23  2:14  Zergling x4  
  23  2:15  Metabolic Boost  
  27  2:21  Drone  
  28  2:25  Drone  
  29  2:32  Baneling Nest  
  29  2:33  Drone  
  29  2:34  Overlord  
  29  2:45  Zergling x4  
  31  2:55  Zergling x4  
  31  2:57  Queen  
  35  3:04  Lair  
  35  3:06  Zergling x4  
  37  3:18  Drone x4  
  41  3:26  Baneling x2  
  41  3:33  Zergling x4  
  41  3:34  Zergling x2  
  38  3:41  Zergling x6  
  38  3:45  Zergling x2  
  38  4:01  Zergling x4  
  35  4:04  Baneling  
  35  4:06  Drone x2  
  37  4:12  Zergling x2  
  38  4:18  Roach Warren  
  38  4:21  Zergling x2  
  38  4:27  Hatchery  
  36  4:36  Zergling x2  
  36  4:37  Zergling x12  
  40  4:44  Zergling x2  
  38  4:51  Zergling x8  
  31  5:03  Baneling x2  
  31  5:04  Zergling x4  
  31  5:05  Roach x3  
  33  5:28  Roach  
  33  5:29  Roach x3  
  40  5:38  Roach  
  40  5:39  Roach  
  40  5:41  Baneling  
  44  5:43  Drone  
  44  5:47  Drone  
  46  5:57  Drone  
  46  5:58  Drone x2  
  49  6:06  Drone  
  49  6:09  Overlord  
  50  6:16  Glial Reconstitution  
  50  6:26  Queen  
  50  6:28  Drone x4  
  50  6:32  Drone  
  57  6:33  Drone  
  58  6:43  Overlord  
  58  6:50  Overlord  
  58  6:57  Overlord  
  58  7:02  Drone x7  
  58  7:06  Drone  
  58  7:08  Queen  
  66  7:15  Overseer  
  68  7:18  Drone x4  
  68  7:19  Drone  
  73  7:24  Hydralisk Den  
  73  7:25  Drone  
  73  7:26  Drone x2  
  75  7:31  Drone x2  
  77  7:38  Evolution Chamber  
  76  7:45  Roach x3  
  82  7:54  Overlord x2  
  82  7:58  Extractor  
  81  7:59  Extractor  
  81  8:01  Overlord  
  81  8:02  Evolution Chamber  
  81  8:03  Extractor, Drone x4  
  82  8:07  Extractor x2  
  82  8:10  Overlord  
  82  8:11  Roach  
  82  8:12  Overlord  
  82  8:13  Overlord  
  82  8:21  Drone x6  
  82  8:22  Drone  
  82  8:24  Zerg Missile Weapons Level 1  
  89  8:30  Drone  
  87  8:36  Zergling x2  
  87  8:40  Drone  
  87  8:41  Drone x4  
  91  8:50  Drone x4  
  95  9:00  Lurker Den  
  95  9:05  Roach x2  
  95  9:06  Overlord x2, Roach x2  
  103  9:10  Zerg Ground Armor Level 1  
  103  9:11  Roach x3  
  109  9:19  Drone x4  
  113  9:27  Drone  
  113  9:30  Roach  
  116  9:33  Hatchery  
  115  9:45  Zergling x2  
  116  9:46  Overlord x2, Roach x3  
  116  9:47  Drone x4  
  116  9:48  Drone  
  116  9:51  Drone  
  126  10:16  Hydralisk x7  
  126  10:17  Hydralisk x4  
  148  10:26  Roach x4  
  156  10:30  Baneling  
  156  10:31  Baneling x2  
  156  10:38  Hydralisk x3  
  154  11:08  Overlord x2  
  154  11:12  Queen  
  156  11:20  Lurker  
  156  11:21  Lurker x3  
  156  11:22  Lurker x3  
  156  11:24  Lurker  
  164  11:26  Pneumatized Carapace  
  163  11:33  Queen  
  160  11:48  Roach x6  
  160  11:49  Roach x4  
  180  11:58  Lurker  
  180  11:59  Overseer  
  181  12:01  Zergling x4  
  181  12:04  Overlord  
  183  12:18  Overseer  
  183  12:26  Zergling x8  
  183  12:27  Zergling x4  
Tags
 
Add a new tag
Caveats
  • Supply blocks, unpowered buildings, or Contaminate may cause inaccurate times.
  • Supply counts are checked every 10 seconds.